 Dungeon Crawl Stone Soup version 0.28.0-43-g3370ac3207 (webtiles) character file.

Game seed: 16314142606551470526

67 tizbic2 the Skirmisher (level 3, 0/31 HPs)
             Began as a Demigod Fighter on Mar 13, 2022.
             Slain by an adder (4 damage)
             ... on level 3 of the Dungeon.
             The game lasted 00:06:57 (2157 turns).

tizbic2 the Skirmisher (Demigod Fighter)            Turns: 2157, Time: 00:06:57

Health: 0/31       AC: 11    Str: 21    XL:     3   Next: 72%
Magic:  5/5        EV:  7    Int: 10    God:
Gold:   98         SH:  5    Dex: 13    Spells: 2/2 levels left

rFire   . . .      SeeInvis .   a - +0 war axe
rCold   . . .      Faith    .   c - +0 buckler
rNeg    . . .      Spirit   .   k - +0 chain mail
rPois   .          Reflect  .   e - +0 helmet
rElec   .          Harm     .   (no cloak)
rCorr   .          Rampage  .   (no gloves)
Will    .....                   f - +0 pair of boots
Stlth   ..........              (no amulet)
HPRegen 0.10/turn               (no ring)
MPRegen 0.09/turn               (no ring)

@: mighty
A: high MP 1, forlorn, divine attributes
a: no special abilities


You were on level 3 of the Dungeon.
You visited 1 branch of the dungeon, and saw 3 of its levels.

You collected 98 gold pieces.

Inventory:

Hand Weapons
 a - a +0 war axe (weapon)
Missiles
 h - 47 stones (quivered)
Armour
 c - a +0 buckler (worn)
 e - a +0 helmet (worn)
 f - a +0 pair of boots (worn)
 k - a +0 chain mail (worn)
Scrolls
 b - a scroll of teleportation {unknown}
 j - a scroll of immolation {unknown}
Potions
 d - a potion of might
 g - a potion of heal wounds {unknown}
 i - a potion of curing


   Skills:
 * Level 3.5 Fighting
 + Level 2.3 Axes
 - Level 2.7 Armour
 * Level 3.4 Shields


You had 2 spell levels left.
You didn't know any spells.
Your spell library was empty.

Dungeon Overview and Level Annotations

Branches:
Dungeon (3/15)

Shops:
D:3 =(


Innate Abilities, Weirdness & Mutations

You have an increased reservoir of magic. (+10% MP)
You shall have no god before yourself.
Your divine heritage dramatically boosts your attributes as you level up.


Message History

The gnoll shouts!
The adder hisses angrily.
A gnoll comes into view. It is wielding a +0 flail.
An endoplasm comes into view.
The orc hits you but does no damage.
You barely miss the orc. The orc hits you with a +0 flail.
The orc hits you but does no damage.
You barely miss the orc.
A gnoll comes into view. It is wielding a +0 halberd.
You block the orc's attack.
The gnoll shouts!
You slash the orc!
You kill the orc!
You closely miss the kobold. The kobold hits you but does no damage.
You barely miss the kobold. You block the kobold's attack. x2
You closely miss the kobold. The kobold closely misses you.
You barely miss the kobold. The kobold barely misses you. x2
The gnoll hits you but does no damage.
You barely miss the kobold.
The gnoll hits you from afar with a +0 halberd!
The kobold hits you but does no damage.
You miss the kobold.
The gnoll hits you from afar with a +0 halberd!
The kobold hits you with a +0 club.
* * * LOW HITPOINT WARNING * * *
The kobold hits you but does no damage.
The gnoll hits you from afar with a +0 halberd.
* * * LOW HITPOINT WARNING * * *
You feel very mighty all of a sudden. The kobold hits you with a +0 club.
* * * LOW HITPOINT WARNING * * *
You barely miss the kobold. The kobold hits you with a +0 club.
* * * LOW HITPOINT WARNING * * *
You feel better. The kobold hits you but does no damage.
You barely miss the kobold. You block the kobold's attack.
The gnoll barely misses you. The kobold hits you but does no damage.
The gnoll hits you from afar with a +0 halberd!
* * * LOW HITPOINT WARNING * * *
You closely miss the kobold. The kobold hits you but does no damage.
The adder bites you.
You die...

###########
#.........#
#########.#######.#
..........# #.#
########### #.#
#################.###
#...............@.K.#
#.###############S#.#
#.# #.#.# #.# #J#g#
#.# #.#g# #.# #.#g#
..# #.#.# ### #.#g# #
...


You could see an adder, an endoplasm and a kobold.

Vanquished Creatures
  An adder (D:2)
  2 worms
  An orc (D:3)
  6 ball pythons
  3 endoplasms
  4 giant cockroaches
  10 goblins
  4 hobgoblins
  A quokka (D:1)
  5 bats
  3 frilled lizards
  4 kobolds
  3 rats
47 creatures vanquished.

Notes
Turn   | Place    | Note
-------+----------+-------------------------------------------
     0 | D:1      | tizbic2 the Demigod Fighter began the quest for the Orb.
     0 | D:1      | Reached XP level 1. HP: 18/18 MP: 3/3
   361 | D:1      | Reached XP level 2. HP: 21/25 MP: 4/4
  1160 | D:2      | Reached XP level 3. HP: 14/31 MP: 5/5
  1937 | D:3      | Found Usox's Jewellery Emporium.
  2023 | D:3      | Found Ruqicwif's Antique Weapon Emporium.
  2157 | D:3      | Slain by an adder

Illustrated notes

Levels and vault maps discovered:
D:1:      nzn_arrival_depleted_hourglass, layout_loops_ring,
          ebering_ecumenical_altar_hall
D:2:      layout_basic, basic_altar
D:3:      layout_loops_ring, serial_shops, shop, nicolae_square_shop, shop,
          shop, shop

Skill      XL: |  1  2 |
---------------+-------+-----
Axes           | 2 |  2.3
Fighting       | 3 |  3.5
Shields        | 3 |  3.4
Armour         | |  2.7

Action                   || total
-------------------------++-------
Melee: War axe           ||   152
  Use: Scroll            ||     4
       Potion            ||     2
Armor: Scale mail        ||    57
       Chain mail        ||    36
Dodge: Dodged            ||    70
Block: Buckler           ||    40
